 Dungeon Crawl Stone Soup version 0.30-a0-777-ga9a30cbeda (console) character file.

Game seed: 14436281898595263346

59 rlgrobin the Insei (level 3, 0/29 HPs)
             Began as a Mummy Monk on Feb 14, 2023.
             Slain by a rat (1 damage)
             ... on level 3 of the Dungeon.
             The game lasted 00:02:56 (1207 turns).

rlgrobin the Insei (Mummy Monk)                     Turns: 1207, Time: 00:02:57

Health: 0/29       AC:  0    Str: 14    XL:     3   Next: 78%
Magic:  3/3        EV: 12    Int:  9    God:
Gold:   14         SH:  0    Dex: 16    Spells: 2/2 levels left

rFire   x . .      SeeInvis .      - Unarmed
rCold   + . .      Faith    +    (no shield)
rNeg    + + +      Spirit   .    (no body armour)
rPois   ∞          Reflect  .    (no helmet)
rElec   .          Harm     .    (no cloak)
rCorr   .          Rampage  .    (no gloves)
Will    .....                    (no boots)
Stlth   ++                       (no amulet)
HPRegen 0.24/turn                (no ring)
MPRegen 0.08/turn                (no ring)

@: no status effects
A: cold resistance 1, negative energy resistance 3, torment resistance 2, heat
vulnerability 1, in touch with death 1, no potions, faith
a: no special abilities


You were on level 3 of the Dungeon.
You visited 1 branch of the dungeon, and saw 3 of its levels.

You collected 14 gold pieces.

Inventory:

Scrolls
 a - a scroll of fog {unknown}
 b - a scroll of identify {unknown}
 d - a scroll of magic mapping {unknown}
 e - a scroll of vulnerability {unknown}


   Skills:
 - Level 3.0 Fighting
 - Level 2.4 Dodging
 - Level 1.5 Stealth
 + Level 3.9 Unarmed Combat


You had 2 spell levels left.
You didn't know any spells.
Your spell library was empty.

Dungeon Overview and Level Annotations

Branches:
Dungeon (3/15)

Altars:

Shops:
D:2 =

Annotations:
D:2 Natasha


Innate Abilities, Weirdness & Mutations

You are immune to poison.
Your flesh is cold resistant. (rC+)
You are immune to negative energy. (rN+++)
You are immune to unholy pain and torment.
You are vulnerable to heat. (rF-)
You are in touch with the powers of death.
You do not drink.
You have a special connection with the divine. (Faith)


Message History

The hobgoblin closely misses you. The hobgoblin attacks as you move away!
The hobgoblin hits you. The adder bites you.
* * * LOW HITPOINT WARNING * * *
You are too injured to fight recklessly!
You are too injured to fight recklessly!
You barely miss the adder. Your punch misses the adder.
The rat twitches its whiskers.
The adder closely misses you.
You hit the adder.
The adder is lightly wounded.
The adder bites you.
* * * LOW HITPOINT WARNING * * *
You closely miss the adder.
The adder is lightly wounded.
The adder closely misses you.
You hit the adder.
The adder is heavily wounded.
The adder barely misses you.
You closely miss the adder.
The adder is heavily wounded.
The adder completely misses you. The adder barely misses you.
You barely miss the adder.
The adder is heavily wounded.
The adder barely misses you.
You barely miss the adder.
The adder is heavily wounded.
The adder barely misses you.
You hit the adder.
The adder is almost dead.
The adder bites you.
* * * LOW HITPOINT WARNING * * *
You hit the adder.
You kill the adder!
You hit the rat but do no damage. The rat bites you.
* * * LOW HITPOINT WARNING * * *
You hit the rat but do no damage. The rat closely misses you.
You barely miss the rat. The rat barely misses you.
You closely miss the rat. The rat bites you.
You die...

.....
.... ...
#####..
..#..
###.#.#
#@rg#.#
#...#...#
###.#...#
..#...#
####...#
#...#
#...#
#...#
.....


You could see a hobgoblin and a rat.

Vanquished Creatures
  2 adders
  A worm (D:2)
  A dart slug (D:1)
  6 ball pythons
  5 endoplasms
  2 giant cockroaches (D:2)
  3 goblins
  3 hobgoblins
  2 quokkas (D:1)
  4 bats (D:2)
  2 frilled lizards
  2 kobolds (D:1)
  2 rats (D:2)
35 creatures vanquished.

Notes
Turn   | Place    | Note
-------+----------+-------------------------------------------
     0 | D:1      | rlgrobin the Mummy Monk began the quest for the Orb.
     0 | D:1      | Reached XP level 1. HP: 18/18 MP: 1/1
   221 | D:1      | Reached XP level 2. HP: 18/24 MP: 2/2
   334 | D:1      | Found a faded altar of an unknown god.
   575 | D:2      | Found Roeciz's Jewellery Shoppe.
   715 | D:2      | Gained mutation: You are in touch with the powers of death.
                  | [Mummy growth]
   715 | D:2      | Reached XP level 3. HP: 21/29 MP: 3/3
  1157 | D:2      | Noticed Natasha
  1204 | D:3      | HP: 1/29 [rat (2)]
  1207 | D:3      | Slain by a rat

Illustrated notes

Levels and vault maps discovered:
D:1:      lightli_arrival_boilingwater, layout_rooms,
          hellmonk_ecumenical_altar_inner_sanctum
D:2:      layout_rooms, serial_shops, shop_statue, nrook_loot_triangle,
          kennysheep_generic_room_16, uniq_natasha
D:3:      minmay_diamond_boxcup, layout_basic, serial_corexii_hall,
          corexii_hall_statues_l, chequers_hall_statues_corner_a,
          corexii_hall_statues_u, corexii_hall_statues_deadend,
          lightli_sewer_entry_pipes, uniq_grinder

Skill      XL: |  1 |
---------------+----+-----
Unarmed Combat | 3 |  3.9
Fighting       | |  3.0
Dodging        | |  2.4
Stealth        | |  1.5

Action                     || total
---------------------------++-------
  Melee: Unarmed           ||   132
         Punch             ||     4
    Use: Scroll            ||     1
   Stab: Sleeping          ||     2
  Dodge: Dodged            ||    80

Table legend: (Time is in decaauts)
 A = Elapsed time spent in this place.
 B = Non-inter-level travel time spent in this place.
 C = Inter-level travel time spent in this place.
 D = Time resting spent in this place.
 E = Time spent auto-exploring this place.
 F = Levels seen in this place.
 G = Mean time per level.
                   A        B        C        D        E       F      G
               +--------+--------+--------+--------+--------+-----+--------+
         Total |   1201 |   1201 |      0 |    318 |    501 |   3 |  400.3 |
       Dungeon |   1201 |   1201 |      0 |    318 |    501 |   3 |  400.3 |
               +--------+--------+--------+--------+--------+-----+--------+

Top non-repeatable levels by time:
     D:1: 603 daAuts
     D:2: 569 daAuts
     D:3: 28 daAuts
